 Dungeon Crawl Stone Soup version 0.24.0 (webtiles) character file.

Game seed: 5968300490515110740, levelgen mode: deterministic

153 Trogdor the Magician (level 5, -5/39 HPs)
             Began as a Hill Orc Wizard on May 17, 2020.
             Was an Initiate of Sif Muna.
             Killed by divine providence
             ... invoked by an orc priest
              (15 damage)
             ... on level 3 of the Dungeon.
             The game lasted 00:17:18 (3174 turns).

Trogdor the Magician (Hill Orc Wizard)              Turns: 3174, Time: 00:17:18

Health: -5/39      AC:  2    Str: 11    XL:     5   Next: 35%
Magic:  2/10       EV: 12    Int: 18    God:    Sif Muna [......]
Gold:   106        SH:  0    Dex:  9    Spells: 3/11 levels left

rFire    . . .     SeeInvis .   r - +0 dagger (venom)
rCold    . . .     Gourm    .   (no shield)
rNeg     . . .     Faith    .   a - +0 robe
rPois    .         Spirit   .   b - +0 hat
rElec    .         Reflect  .   (no cloak)
rCorr    .         Harm     .   (no gloves)
MR       .....                  (no boots)
Stlth    ++........             (no amulet)
HPRegen  0.13/turn              (no ring)
MPRegen  0.12/turn              (no ring)

@: very slightly contaminated, invisible
A: no striking features
a: Renounce Religion


You were on level 3 of the Dungeon.
You worshipped Sif Muna.
Sif Muna was noncommittal.
You were not hungry.

You visited 1 branch of the dungeon, and saw 3 of its levels.

You collected 106 gold pieces.

Inventory:

Hand Weapons
 c - a +0 whip
 l - a +1 hand axe of chopping
 p - a +0 mace of holy wrath
 r - a +0 dagger of venom (weapon)
Missiles
 e - 9 stones (quivered)
Armour
 a - a +0 robe (worn)
 b - a +0 hat (worn)
Scrolls
 f - a scroll of noise {unknown}
 h - a scroll of enchant armour {unknown}
 i - 2 scrolls of remove curse
 o - a scroll of identify {unknown}
Potions
 g - a potion of flight {unknown}
 j - a potion of invisibility
 k - a potion of magic {unknown}
 m - a potion of might {unknown}
 n - a potion of cancellation {unknown}
Comestibles
 d - 5 rations
 q - 2 chunks of flesh


   Skills:
 - Level 0.9 Fighting
 - Level 1.7 Dodging
 + Level 1.9 Stealth
 + Level 3.5 Spellcasting
 + Level 2.3 Conjurations
 * Level 1.7 Summonings
 + Level 0.7 Translocations
 * Level 1.0 Poison Magic


You had 3 spell levels left.
You knew the following spells:

 Your Spells              Type           Power        Failure   Level  Hunger
a - Magic Dart            Conj           ##..         6%          1    None
b - Blink                 Tloc           N/A          17%         2    ##.....
c - Call Imp              Summ           #.......     12%         2    ##.....
d - Mephitic Cloud        Conj/Pois/Air  #.......     28%         3    ###....

Your spell library contained the following spells:

 Spells                   Type           Power        Failure   Level  Hunger
 Slow                     Hex            #.......     24%         2    ##.....
 Conjure Flame            Conj/Fire      #.......     28%         3    ###....


Dungeon Overview and Level Annotations

Branches:
Dungeon (3/15)

Altars:
Sif Muna


Message History

It was a potion of invisibility.
You fade into invisibility!
You hit the orc priest but do no damage.
The orc priest is poisoned.
The orc priest misses you.
You hit the orc priest but do no damage.
The orc priest looks as sick as possible!
The orc priest is lightly wounded.
The orc priest calls down the wrath of Beogh upon you.
Beogh smites you!
* * * LOW HITPOINT WARNING * * *
You strike the helpless orc priest from behind!
You hit the orc priest but do no damage.
The orc priest looks as sick as possible!
The orc priest is moderately wounded.
The orc priest barely misses you.
You closely miss the orc priest.
The orc priest is heavily wounded.
The orc priest calls down the wrath of Beogh upon you.
Beogh smites you!
You die...

. #########
###'##.......#
.....'.<.o...#
###.##...@(..#
#.......#
#.......#
#.....).#
#.....$.#
#.......#
#########


You could see an orc priest.

Vanquished Creatures
  2 orc wizards (D:3)
  3 adders
  2 oozes
  A worm (D:2)
  4 leopard geckos
  An orc (D:3)
  A ball python (D:2)
  3 giant cockroaches
  5 goblins
  2 hobgoblins (D:1)
  2 jackals (D:2)
  6 bats
  2 frilled lizards
  4 kobolds
  4 rats
42 creatures vanquished.

Vanquished Creatures (collateral kills)
  2 gnolls (D:3)
  A worm (D:2)
  A leopard gecko (D:3)
4 creatures vanquished.

Grand Total: 46 creatures vanquished

Notes
Turn   | Place    | Note
-------+----------+-------------------------------------------
     0 | D:1      | Trogdor the Hill Orc Wizard began the quest for the Orb.
     0 | D:1      | Reached XP level 1. HP: 14/14 MP: 3/3
   436 | D:1      | Reached XP level 2. HP: 14/20 MP: 5/5
   997 | D:1      | Learned a level 2 spell: Blink
  1000 | D:1      | Learned a level 2 spell: Call Imp
  1183 | D:1      | Reached skill level 3 in Spellcasting
  1372 | D:2      | Reached XP level 3. HP: 25/27 MP: 3/7
  1886 | D:2      | Reached XP level 4. HP: 19/34 MP: 0/8
  2237 | D:2      | Found a shimmering blue altar of Sif Muna.
  2243 | D:2      | Became a worshipper of Sif Muna the Loreminder
  2281 | D:2      | Learned a level 3 spell: Mephitic Cloud
  2900 | D:3      | Reached XP level 5. HP: 28/39 MP: 0/10
  3165 | D:3      | Reached skill level 1 in Poison Magic
  3174 | D:3      | Killed from afar by an orc priest

Levels and vault maps discovered:
D:1:      onia_arrival_mini_spirals, layout_loops_ring
D:2:      layout_loops_corners, lemuel_crystal_altar
D:3:      layout_basic, lemuel_crystal_altar, led_xom_imps, first_ration
